 Dungeon Crawl Stone Soup version 0.21.1-1-g345015f (webtiles) character file.

29537 shakethe the Severer (level 13, -11/122 HPs)
             Began as a Hill Orc Gladiator on Feb 26, 2018.
             Was an Elder of Kikubaaqudgha.
             Splashed by an oklob plant's acid (15 damage)
             ... on level 3 of the Lair of Beasts.
             The game lasted 00:29:33 (16578 turns).

shakethe the Severer (Hill Orc Gladiator)          Turns: 16578, Time: 00:29:34

Health: -11/122    AC: 10    Str: 18    XL:     13   Next: 45%
Magic:  17/17      EV: 16    Int: 12    God:    Kikubaaqudgha [****..]
Gold:   772        SH:  5    Dex: 12    Spells: 14/17 levels left

rFire    . . .     SeeInvis .   i - +3 war axe (flame)
rCold    . . .     Gourm    .   y - +0 buckler
rNeg     . . .     Faith    .   I - +0 troll leather armour {regen}
rPois    .         Spirit   .   c - +2 helmet
rElec    .         Reflect  .   (no cloak)
rCorr    .         Harm     .   h - +2 pair of gloves
MR       .....                  (no boots)
Stlth    +.........             (no amulet)
HPRegen  0.70/turn              z - +2 ring of evasion
MPRegen  0.15/turn              j - +6 ring of protection

@: corroded
A: no striking features
a: Receive Corpses, Renounce Religion


You were on level 3 of the Lair of Beasts.
You worshipped Kikubaaqudgha.
Kikubaaqudgha was greatly pleased with you.
You were hungry.

You visited 3 branches of the dungeon, and saw 17 of its levels.

You collected 1175 gold pieces.
You spent 403 gold pieces at shops.

Inventory:

Hand Weapons
 i - a +3 war axe of flaming (weapon)
   (You found it on level 8 of the Dungeon)
 K - a +2 vampiric hand axe {!w}
   (You took it off an orc priest on level 10 of the Dungeon)
Missiles
 d - 6 throwing nets {=f, !d}
Armour
 a - a +2 cloak
   (You found it on level 2 of the Lair of Beasts)
 c - a +2 helmet (worn)
 g - a +0 plate armour
   (You found it on level 1 of the Lair of Beasts)
 h - a +2 pair of gloves (worn)
   (You found it on level 1 of the Dungeon)
 y - a +0 buckler (worn)
   (You found it on level 9 of the Dungeon)
 I - a +0 troll leather armour (worn) {regen}
   (You found it on level 9 of the Dungeon)
Jewellery
 j - a +6 ring of protection (right hand)
   (You found it on level 9 of the Dungeon)
 u - an uncursed ring of flight {unknown}
   (You found it on level 3 of the Lair of Beasts)
 z - a +2 ring of evasion (left hand)
   (You bought it in a shop on level 6 of the Dungeon)
 C - a +3 ring of protection
   (You bought it in a shop on level 6 of the Dungeon)
Wands
 x - a wand of flame (54)
   (You found it on level 6 of the Dungeon)
 F - a wand of polymorph (25)
   (You found it on level 7 of the Dungeon)
 N - a wand of digging (13)
   (You found it on level 11 of the Dungeon)
 W - a wand of iceblast (8)
   (You found it on level 13 of the Dungeon)
Scrolls
 e - 6 scrolls of fog
 l - 9 scrolls of remove curse
 m - 4 scrolls of magic mapping {!r}
 n - a scroll of blinking {!r}
 o - 4 scrolls of identify
 r - 3 scrolls of fear
 v - a scroll of amnesia
 B - a scroll of summoning {unknown}
 G - a scroll of torment {!r}
 J - a scroll of vulnerability {unknown}
 Q - a scroll of immolation {!r}
 R - 2 scrolls of teleportation
Potions
 b - 3 potions of agility
 k - a potion of might
 p - 3 potions of ambrosia
 t - a potion of cancellation
 w - a potion of invisibility
 A - 5 potions of curing
 D - 2 potions of lignification {!q}
 E - 5 potions of flight
 M - 5 potions of heal wounds
 O - a potion of haste
 P - 2 potions of brilliance
 T - 2 potions of berserk rage {unknown}
Miscellaneous
 s - a lamp of fire
   (You found it on level 10 of the Dungeon)
Comestibles
 f - 24 rations
 q - a chunk of flesh {@w0@w0}


   Skills:
 + Level 13.5 Fighting
 - Level 18.0 Axes
 - Level 1.7 Throwing
 + Level 9.7 Armour
 + Level 5.1 Dodging
 - Level 4.0 Shields
 + Level 2.6 Spellcasting
 + Level 3.2 Charms
 + Level 3.4 Necromancy


You had 14 spell levels left.
You knew the following spells:

 Your Spells              Type           Power        Failure   Level  Hunger
r - Regeneration          Chrm/Necr      #.........   22%         3    ###....


Dungeon Overview and Level Annotations

Branches:
Dungeon (13/15)            Temple (1/1) D:4            Lair (3/6) D:10
  Swamp (0/4) Lair:2       Spider (0/4) Lair:2          Orc (0/2) D:10
 Vaults: D:13-14

Altars:
Ashenzari
Cheibriados
Dithmenos
Elyvilon
Fedhas
Gozag
Hepliaklqana
Kikubaaqudgha
Makhleb
Nemelex Xobeh
Okawaru
Qazlal
Ru
Sif Muna
Trog
Uskayaw
Vehumet
Wu Jian
Xom
Yredelemnul
Zin
The Shining One
Beogh
Lugonu

Shops:
D:6 :%=   D:9 (   D:11 *

Annotations:
Lair:2 1 exclusion
Lair:3 exclusion: oklob plant


Message History

The blast of calcifying dust hits you!
The boggart mumbles some strange words.
You are engulfed in calcifying dust.
The boggart hits you but does no damage.
The catoblepas gores you!
You turn to flesh and can move again.
You take 17 damage, and have 59/122 hp.
Unknown command.
You miss the boggart.
You hit the catoblepas but do no damage.
You are engulfed in calcifying dust.
You are slowing down.
The boggart gestures wildly while chanting.
The boggart blinks!
The catoblepas closely misses you. The crocodile bites you.
The boggart mumbles some strange words.
The catoblepas barely misses you. The crocodile barely misses you.
Your limbs are stiffening.
You take 1 damage, and have 58/122 hp.
The catoblepas gores you!!
The crocodile bites you but does no damage.
The catoblepas barely misses you.
You have turned to stone.
The crocodile bites you. The catoblepas gores you.
The porcupine bites you but does no damage.
The crocodile bites you. The porcupine bites you.
The catoblepas gores you but does no damage.
A spriggan comes into view. It is wielding a dagger.
The crocodile bites you. The porcupine barely misses you.
The catoblepas gores you!!
* * * LOW HITPOINT WARNING * * *
The crocodile barely misses you. The porcupine bites you.
* * * LOW HITPOINT WARNING * * *
The boggart mumbles some strange words.
The boggart flickers and vanishes!
Deactivating autopickup; reactivate with Ctrl-A.
The catoblepas breathes a plume of calcifying dust at you.
The blast of calcifying dust hits you!
You are engulfed in calcifying dust.
The porcupine bites you.
* * * LOW HITPOINT WARNING * * *
The crocodile bites you but does no damage.
The catoblepas breathes a plume of calcifying dust at you.
The blast of calcifying dust hits you!
* * * LOW HITPOINT WARNING * * *
You are engulfed in calcifying dust.
The porcupine bites you.
* * * LOW HITPOINT WARNING * * *
The crocodile bites you.
* * * LOW HITPOINT WARNING * * *
The catoblepas gores you but does no damage.
The porcupine bites you but does no damage.
You are engulfed in calcifying dust.
The crocodile bites you.
* * * LOW HITPOINT WARNING * * *
The porcupine bites you but does no damage.
The catoblepas completely misses you.
You are engulfed in calcifying dust.
The crocodile bites you but does no damage.
The porcupine bites you but does no damage.
The catoblepas gores you.
* * * LOW HITPOINT WARNING * * *
You turn to flesh and can move again.
You take 38 damage, and have 20/122 hp.
MASSIVE DAMAGE!!
As you read the scroll of teleportation, it crumbles to dust.
You feel strangely unstable. The crocodile bites you.
* * * LOW HITPOINT WARNING * * *
The porcupine barely misses you.
You hear some strange, mumbled words.
The catoblepas breathes a plume of calcifying dust at you.
The blast of calcifying dust hits you!
The blast of calcifying dust hits the hippogriff.
The hippogriff barely misses you.
The hippogriff pecks you but does no damage.
You block the hippogriff's attack.
You hit the catoblepas but do no damage.
Your troll leather armour prevents you from hitting the hippogriff.
You are struck by the porcupine's spines.
* * * LOW HITPOINT WARNING * * *
You barely miss the porcupine.
The porcupine is engulfed in calcifying dust.
The porcupine is moving more slowly.
The porcupine closely misses you.
You take 2 damage, and have 19/122 hp.
The porcupine is engulfed in calcifying dust.
The porcupine stops moving altogether!
The porcupine is engulfed in calcifying dust. x2
You hit the hippogriff. You burn the hippogriff.
Your surroundings suddenly seem different.
The oklob plant spits acid at you. The splash of acid hits you!
The acid corrodes you!
You are splashed with acid!
The acid burns!
* * * LOW HITPOINT WARNING * * *
You take 8 damage, and have 13/122 hp.
The oklob plant spits acid at you. The splash of acid hits you!
* * * LOW HITPOINT WARNING * * *
The acid corrodes you!
You are splashed with acid!
The acid burns!
You die...
Kikubaaqudgha rasps: "You have failed me!
Welcome... death!"

##.#...##...##
#...##.....##P.. #.##..##...P#
#.....#....###.< #.##P.##....#
#...###...###...
#####......####...##....P###..
♣ ##.#....##.....##...## #.. ♣
#.....####....##....# #.. ♣♣
##......###....##....# #.. .♣
#.#...........#......# #.. .♣♣
###......@..........## #.. ♣.♣
#..................## #.. ♣.♣♣
#P....#............P###.. ♣♣.♣
..#.....##.....#....###... ♣.♣
..........#...###......#..
♣♣.♣
..............##..........
...♣
.....%%...P....##.........
..♣♣
#.#..PP%......###......... .♣♣
#...%%%%.....###.........


You could see an oklob plant.

Vanquished Creatures
  6 two-headed ogres
  4 death yaks
  The ghost of cochise the Basher, a novice MiBe of Trog (D:8)
  An orc knight (D:10)
  Pikel (D:7)
  An ugly thing (D:12)
  A cyclops (D:13)
  4 centaur zombies
  A black mamba (Lair:2)
  A gargoyle (D:13)
  3 spiny frogs
  9 komodo dragons
  A tengu conjurer (D:13)
  4 trolls
  A hornet (Lair:3)
  A hippogriff (Lair:1)
  4 spriggans (Lair:3)
  A shadow (D:12)
  4 wyverns
  A basilisk (D:12)
  22 yaks
  2 wraiths
  A hungry ghost (D:9)
  3 wargs (D:10)
  11 orc warriors
  8 porcupines
  7 water moccasins
  3 phantoms
  3 black bears
  5 ogres
  2 eyes of draining (D:9)
  2 ice beasts
  2 necrophages
  12 centaurs
  5 wolves
  5 crocodiles
  10 bullfrogs
  2 big kobolds
  2 wyvern zombies
  5 scorpions
  5 killer bees (D:7)
  8 howler monkeys
  2 bullfrog zombies
  5 crimson imps
  A quasit (D:10)
  4 hounds
  6 orc wizards
  3 centaur skeletons
  9 orc priests
  6 jellies
  6 iguanas
  8 worker ants
  The ghost of tidbits the Insei, a weakling GnTm (D:4)
  2 worker ant zombies
  10 adders
  4 shadow imps
  An ooze (D:1)
  An adder skeleton (D:6)
  2 dart slugs
  3 leopard geckos
  56 orcs
  10 bats
  4 giant cockroaches
  9 goblins
  3 hobgoblins (D:1)
  6 jackals
  2 quokkas
  2 ball pythons
  4 frilled lizards
  A jackal skeleton (D:4)
  22 kobolds
  A leopard gecko skeleton (D:7)
  A leopard gecko zombie (D:7)
  3 quokka skeletons
  A quokka zombie (D:7)
  10 rats
384 creatures vanquished.

Vanquished Creatures (others)
  A fungus (Lair:2)
1 creature vanquished.

Grand Total: 385 creatures vanquished

Notes
Turn   | Place    | Note
-------+----------+-------------------------------------------
     0 | D:1      | shakethe the Hill Orc Gladiator began the quest for the Orb.
     0 | D:1      | Reached XP level 1. HP: 18/18 MP: 1/1
   189 | D:1      | Reached XP level 2. HP: 17/25 MP: 2/2
   536 | D:1      | Reached XP level 3. HP: 30/30 MP: 3/3
   652 | D:1      | Reached skill level 3 in Fighting
   890 | D:2      | Reached skill level 5 in Axes
   934 | D:2      | Found a burning altar of Makhleb.
  1073 | D:2      | Found a faded altar of an unknown god.
  1550 | D:3      | Reached XP level 4. HP: 30/38 MP: 4/4
  1702 | D:3      | Reached skill level 3 in Dodging
  2136 | D:3      | Found an opulent altar of Gozag.
  2230 | D:3      | Reached XP level 5. HP: 45/45 MP: 5/5
  2351 | D:4      | Reached skill level 6 in Axes
  2387 | D:4      | Noticed a phantom
  2593 | D:4      | Killed a phantom
  2593 | D:4      | Reached skill level 4 in Fighting
  2593 | D:4      | Reached XP level 6. HP: 28/52 MP: 6/6
  2806 | D:4      | Found a shimmering altar of Xom.
  2807 | D:4      | Found a shimmering altar of Xom.
  2808 | D:4      | Found a shimmering altar of Xom.
  2823 | D:4      | Found a shimmering altar of Xom.
  2823 | D:4      | Found a shimmering altar of Xom.
  2899 | D:4      | Found a staircase to the Ecumenical Temple.
  2920 | Temple   | Entered the Ecumenical Temple
  3037 | D:4      | Reached skill level 7 in Axes
  3047 | D:4      | Noticed tidbits's ghost (weakling GnTm)
  3053 | D:4      | Killed tidbits's ghost
  3328 | D:4      | Found a hide-covered altar of Uskayaw.
  3332 | D:4      | Found a sparkling altar of Nemelex Xobeh.
  3332 | D:4      | Found a deep blue altar of Sif Muna.
  3347 | D:4      | Found a shattered altar of Ashenzari.
  3355 | D:4      | Found a blossoming altar of Fedhas.
  3822 | D:5      | Entered Level 5 of the Dungeon
  3833 | D:5      | Found an iron altar of Okawaru.
  3906 | D:5      | Reached skill level 5 in Fighting
  3906 | D:5      | Reached skill level 8 in Axes
  3906 | D:5      | Reached XP level 7. HP: 57/61 MP: 7/7
  4409 | D:5      | Found a sparkling altar of Nemelex Xobeh.
  4648 | D:6      | Reached skill level 9 in Axes
  4757 | D:6      | Found a stormy altar of Qazlal.
  4929 | D:6      | Found Wanesos's Book Boutique.
  5036 | D:6      | Reached skill level 6 in Fighting
  5036 | D:6      | Reached XP level 8. HP: 33/70 MP: 8/8
  5059 | D:6      | Reached skill level 10 in Axes
  5339 | D:6      | Found a sacrificial altar of Ru.
  5684 | D:6      | Found Fiugoo's Food Shoppe.
  5738 | D:6      | Found Jashrika's Jewellery Emporium.
  5743 | D:6      | Bought a +2 ring of evasion for 130 gold pieces
  5743 | D:6      | Bought a +3 ring of protection for 273 gold pieces
  5844 | D:7      | Found a stormy altar of Qazlal.
  6063 | D:7      | Reached skill level 7 in Fighting
  6064 | D:7      | Reached skill level 11 in Axes
  7023 | D:7      | Reached XP level 9. HP: 70/81 MP: 9/9
  7240 | D:8      | Reached skill level 12 in Axes
  7326 | D:8      | Found a hazy altar of Hepliaklqana.
  7360 | D:8      | Noticed cochise's ghost (novice MiBe)
  7393 | D:8      | HP: 19/81 [cochise's ghost (9)]
  7395 | D:8      | HP: 8/81 [cochise's ghost (4)]
  7406 | D:8      | HP: 10/81 [cochise's ghost (1)]
  7771 | D:8      | Noticed Pikel
  7800 | D:8      | HP: 13/81 [cochise's ghost (12)]
  7805 | D:8      | Killed cochise's ghost
  7805 | D:8      | Reached skill level 8 in Fighting
  7828 | D:7      | HP: 19/82 [Pikel/whip of freezing (2)]
  7852 | D:7      | Killed Pikel
  7852 | D:7      | Reached skill level 9 in Fighting
  7852 | D:7      | Reached skill level 13 in Axes
  8243 | D:8      | Found a basalt altar of Yredelemnul.
  8245 | D:8      | Found a shimmering altar of Xom.
  8547 | D:9      | Reached skill level 1 in Armour
  8565 | D:9      | Reached skill level 14 in Axes
  8565 | D:9      | Reached XP level 10. HP: 87/91 MP: 0/10
  8600 | D:9      | Noticed a two-headed ogre
  8610 | D:9      | Killed a two-headed ogre
  8610 | D:9      | Reached skill level 2 in Armour
  8720 | D:9      | Noticed a two-headed ogre
  8721 | D:9      | Reached skill level 3 in Armour
  8736 | D:9      | Killed a two-headed ogre
  8736 | D:9      | Reached skill level 10 in Fighting
  8736 | D:9      | Reached skill level 1 in Shields
  8788 | D:9      | Noticed a two-headed ogre
  8795 | D:9      | Reached skill level 2 in Shields
  8796 | D:9      | Noticed a two-headed ogre
  8858 | D:8      | HP: 20/93 [two-headed ogre/giant club (18)]
  8867 | D:8      | Killed a two-headed ogre
  8867 | D:8      | Reached skill level 15 in Axes
  8867 | D:8      | Reached skill level 4 in Armour
  9119 | D:9      | Killed a two-headed ogre
  9119 | D:9      | Reached skill level 3 in Shields
  9279 | D:9      | Reached XP level 11. HP: 101/101 MP: 11/11
  9307 | D:9      | Found Qaesaqo's Weapon Emporium.
  9406 | D:9      | Reached skill level 5 in Armour
  9503 | D:9      | Reached skill level 4 in Shields
  9598 | D:9      | Noticed a two-headed ogre
  9604 | D:9      | Killed a two-headed ogre
  9604 | D:9      | Reached skill level 11 in Fighting
  9604 | D:9      | Reached skill level 16 in Axes
  9784 | D:9      | Found an ancient bone altar of Kikubaaqudgha.
  9811 | D:9      | Became a worshipper of Kikubaaqudgha
 10004 | D:9      | Found a white marble altar of Elyvilon.
 10056 | D:10     | Entered Level 10 of the Dungeon
 10323 | D:9      | Reached skill level 6 in Armour
 10535 | D:10     | Reached * piety under Kikubaaqudgha
 10535 | D:10     | Identified Kikubaaqudgha's Collected Works on Black Arts (Kikubaaqudgha gifted it to you on level 10 of the Dungeon)
 10535 | D:10     | Received a gift from Kikubaaqudgha
 10632 | D:10     | Found a roughly hewn altar of Beogh.
 10632 | D:10     | Found a staircase to the Orcish Mines.
 10657 | D:10     | Noticed an orc knight
 10683 | D:10     | HP: 16/102 [warg (12)]
 10840 | D:10     | Killed an orc knight
 11046 | D:10     | Found a staircase to the Lair.
 11378 | D:11     | Found Qidur's General Store.
 11407 | D:11     | Reached skill level 17 in Axes
 11460 | D:11     | Reached ** piety under Kikubaaqudgha
 11633 | D:11     | Found a glowing golden altar of the Shining One.
 11765 | D:11     | Reached skill level 7 in Armour
 12173 | D:12     | Reached XP level 12. HP: 105/112 MP: 12/12
 12789 | D:12     | Reached skill level 12 in Fighting
 13095 | D:13     | Reached *** piety under Kikubaaqudgha
 13095 | D:13     | Identified Kikubaaqudgha's Volume of Stolen Souls (Kikubaaqudgha gifted it to you on level 13 of the Dungeon)
 13095 | D:13     | Received a gift from Kikubaaqudgha
 13208 | D:13     | Noticed a two-headed ogre
 13219 | D:13     | Killed a two-headed ogre
 13237 | D:13     | Reached skill level 18 in Axes
 13238 | D:13     | Reached skill level 8 in Armour
 13448 | D:13     | Noticed a four-headed hydra
 13634 | Lair:1   | Entered Level 1 of the Lair of Beasts
 13869 | Lair:1   | Reached skill level 4 in Dodging
 13984 | D:10     | Learned a level 3 spell: Regeneration
 14199 | Lair:1   | Reached skill level 13 in Fighting
 14202 | Lair:1   | Reached skill level 1 in Necromancy
 14249 | Lair:1   | Reached skill level 1 in Charms
 14286 | Lair:2   | Reached skill level 9 in Armour
 14353 | Lair:2   | HP: 23/115 [komodo dragon (23)]
 14354 | Lair:2   | HP: 5/115 [komodo dragon (19)]
 14357 | Lair:2   | Reached **** piety under Kikubaaqudgha
 14357 | Lair:2   | Reached skill level 1 in Spellcasting
 14362 | Lair:2   | HP: 25/115 [komodo dragon (11)]
 14557 | Lair:2   | Reached XP level 13. HP: 46/122 MP: 13/15
 14678 | Lair:2   | Reached skill level 2 in Necromancy
 14799 | Lair:2   | Reached skill level 2 in Charms
 14925 | Lair:2   | Found a staircase to the Swamp.
 15333 | Lair:2   | Found a hole to the Spider Nest.
 15478 | Lair:3   | Reached skill level 2 in Spellcasting
 15716 | Lair:3   | Reached skill level 3 in Necromancy
 15821 | Lair:3   | Reached skill level 5 in Dodging
 16028 | Lair:3   | Reached skill level 3 in Charms
 16565 | Lair:3   | HP: 29/122 [catoblepas (9)]
 16570 | Lair:3   | HP: 20/122 [catoblepas (2)]
 16577 | Lair:3   | HP: 13/122 [acid (9)]
 16578 | Lair:3   | HP: 4/122 [oklob plant/splash of acid (9)]
 16578 | Lair:3   | Splashed by an oklob plant's acid

Skill      XL: |  1  2  3  4  5  6  7  8  9 10 11 12 13 |
---------------+----------------------------------------+-----
Fighting       | 3 4 5 6 7 9 10 11 13 | 13.5
Axes           | 5 6 8 9 11 14 15 17 18 | 18.0
Dodging        | 3 4 5 |  5.1
Armour         | 1 4 7 9 |  9.7
Shields        | 3 4 |  4.0
Necromancy     | 1 3 |  3.4
Charms         | 1 3 |  3.2
Spellcasting   | 1 2 |  2.6
Throwing       | |  1.7

Action                   |  1- 3 |  4- 6 |  7- 9 | 10-12 | 13-15 || total
-------------------------+-------+-------+-------+-------+-------++-------
Melee: War axe           |   115 |   125 |   320 |   340 |   216 ||  1116
       Hand axe          |       |       |       |   658 |       ||   658
 Cast: Regeneration      |       |       |       |       |     1 ||     1
Evoke: Wand              |       |       |       |     3 |       ||     3
  Use: Potion            |       |       |     6 |     3 |     2 ||    11
       Scroll            |       |       |    20 |    10 |     2 ||    32
 Stab: Sleeping          |     2 |       |       |       |       ||     2
  Eat: Chunk             |     2 |     4 |     8 |    14 |     5 ||    33
       Ration            |       |     1 |     2 |     4 |       ||     7
Armor: Leather armour    |    41 |    44 |    72 |    25 |       ||   182
       Troll leather arm |       |       |       |   183 |    95 ||   278
Dodge: Dodged            |    87 |    95 |   185 |   494 |    96 ||   957
Block: Buckler           |       |       |       |   145 |    31 ||   176

Vault maps used:
D:1:      lightli_arrival_statue_moat
D:2:      nicolae_overflow_crystal_walls,
          chequers_ecumenical_altar_simple_redux, lightli_corner_chamber
D:3:      nicolae_gozag_seed_capital, first_ration
D:4:      minmay_overflow_temple_star_hex, temple_fountains, xom_redecorated
D:5:      okawaru_gym_becter, nemelex_lonely_heart_becter
D:6:      nicolae_ru_awakened_eye, serial_shops, shop, shop,
          kennysheep_little_box, grunt_qazlal_clouds
D:7:      kennysheep_mini
D:8:      nicolae_overflow_hidden_temple, gammafunk_temple_overflow_statue,
          uniq_pikel
D:9:      kiku_gazebo_pond_becter, elyvilon_altar_3, serial_shops,
          nicolae_shop_statue_plus
D:10:     erik_lair_orcish_takeover, david_orc_5, grunt_ogre_cave,
          grunt_decor_fettered
D:11:     serial_shops, nicolae_shop_temple_entry_statues_fountains,
          tso_metal_star
D:13:     minivault_22
Temple:   corrupted_temple
Lair:2:   minmay_swamp_entry_eels, spider_nest_entry_web_field,
          beast_lair_carwin_5, infiniplex_staircase_pool_2, grunt_megastairs_3
Lair:3:   kb_forest_paths, lemuel_fruit_tree

Table legend:
 A = Turns spent in this place as a percentage of turns spent in the entire game.
 B = Non-inter-level travel turns spent in this place as a percentage of non-inter-level travel turns spent in the entire game.
 C = Inter-level travel turns spent in this place as a percentage of turns spent in this place.
 D = Turns resting spent in this place as a percentage of non-inter-level travel turns spent in this place.
 E = Turns spent auto-exploring this place as a percentage of non-inter-level travel turns spent in this place.
 F = Non-inter-level travel turns spent in this place divided by the number of levels of this place that you've seen.
                   A       B       C       D       E      F
               +-------+-------+-------+-------+-------+----------------------
         Total | 100.0 | 100.0 |   2.1 |  24.1 |  50.6 | 954.4
       Dungeon |  82.0 |  81.9 |   2.3 |  24.7 |  50.7 | 1022.1
        Temple |   0.3 |   0.3 |   0.0 |   0.0 |  50.0 |  46.0
          Lair |  17.7 |  17.8 |   1.4 |  21.9 |  49.8 | 964.0
               +-------+-------+-------+-------+-------+----------------------

Table legend:
 A = Kills in this place as a percentage of kills in entire the game.
 B = Kills by you in this place as a percentage of kills by you in the entire game.
 C = Kills by friends in this place as a percentage of kills by friends in the entire game.
 D = Other kills in this place as a percentage of other kills in the entire game.
 E = Experience gained in this place as a percentage of experience gained in the entire game.
 F = Experience gained in this place divided by the number of levels of this place that you have seen.
                   A       B       C       D       E      F
               +-------+-------+-------+-------+-------+----------------------
         Total | 100.0 | 100.0 |   N/A |   N/A | 100.0 | 2482.2
       Dungeon |  82.6 |  82.6 |   N/A |   N/A |  61.1 | 1983.3
          Lair |  17.4 |  17.4 |   N/A |   N/A |  38.9 | 5471.3
               +-------+-------+-------+-------+-------+----------------------
